 Dungeon Sprint DCSS version 0.24.0-123-gd5b16e6ec5 (webtiles) character file.

Game seed: 14745477588271301790, levelgen mode: deterministic

504 McKennaii the Destroyer (level 6, -4/42 HPs)
             Began as a Draconian Conjurer on Jan 26, 2020.
             Slain by Menkaure (17 damage)
             ... in the Dungeon (Sprint II: "The Violet Keep of Menkaure").
             The game lasted 00:02:03 (446 turns).

McKennaii the Destroyer (Draconian Conjurer)         Turns: 446, Time: 00:02:03

Health: -4/42      AC:  6    Str: 10    XL:     6   Next: 96%
Magic:  1/15       EV: 14    Int: 17    God:
Gold:   243        SH:  0    Dex: 12    Spells: 12/17 levels left

rFire    . . .     SeeInvis .   (no weapon)
rCold    . . .     Gourm    .   (no shield)
rNeg     . . .     Faith    .   (armour unavailable)
rPois    .         Spirit   .   (helmet restricted)
rElec    .         Reflect  .   (no cloak)
rCorr    .         Harm     .   (no gloves)
MR       .....     NoTele   +   (no boots)
Stlth    ++........             (no amulet)
HPRegen  0.14/turn              (no ring)
MPRegen  0.14/turn              (no ring)

@: no status effects
A: unfitting armour, frail 1, cold-blooded, AC +6
a: no special abilities


You were in the Dungeon.
You were not hungry.

You visited 1 branch You collected 243 gold pieces.

Inventory:

Scrolls
 h - a scroll of blinking
Potions
 e - a potion of haste
 f - 2 potions of magic
Comestibles
 b - a ration


   Skills:
 + Level 1.0 Fighting
 + Level 4.6 Dodging
 + Level 3.9 Stealth
 * Level 6.4 Spellcasting
 + Level 12.2 Conjurations


You had 12 spell levels left.
You knew the following spells:

 Your Spells              Type           Power        Failure   Level  Hunger
a - Magic Dart            Conj           ####         1%          1    None
c - Iskenderun's Mystic   Conj           #####...     1%          4    ####...

Your spell library contained the following spells:

 Spells                   Type           Power        Failure   Level  Hunger
 Searing Ray              Conj           #####.       1%          2    None
 Dazzling Spray           Conj/Hex       ####..       3%          3    ##.....
 Force Lance              Conj/Tloc      ####....     10%         4    ####...
 Fulminant Prism          Conj/Hex       ####......   10%         4    ####...


Dungeon Overview and Level Annotations

Branches:
Dungeon (1/1)

Altars:

Shops:
D [}:}=?=!*%[:(=!:

Annotations:
D exclusion: oklob plant, Menkaure


Innate Abilities, Weirdness & Mutations

Your plain brown scales are hard. (AC +6)
You cannot fit into any form of body armour.
You are cold-blooded and may be slowed by cold attacks.
You are frail. (-10% HP)


Message History

Menkaure barely misses you. Menkaure misses you.
You barely miss Menkaure.
Menkaure is heavily damaged.
Menkaure misses you.
You hit Menkaure.
Menkaure is severely damaged.
Menkaure hits you but does no damage.
You hit Menkaure but do no damage.
You tail-slap Menkaure, but do no damage.
Menkaure is severely damaged.
Menkaure shouts, "Why can't you leave me to my rest?"
Menkaure hits you!
You hit Menkaure.
Menkaure is severely damaged.
Menkaure closely misses you.
You hit Menkaure but do no damage.
You tail-slap Menkaure, but do no damage.
Menkaure is severely damaged.
Menkaure hits you!
You die...

########≈≈≈...
##........#≈≈≈≈.
##...⌠....#≈≈≈≈# ##
##..∩.∩...#≈≈≈≈ #.
##.∩.∩.∩..#≈≈# ##§ ###
##∩.∩.∩.∩.#≈##. #+###.#
##.∩...∩.∩#≈#$w.##.##...
##∩.....M.'≈+ #+.<.†##.
##.....@†∩#≈#.w.##.##...
#▓▓▓▓▓▓▓###≈##. #+###.#
##$hh######≈≈### ###
#"hh# ##≈≈≈# #≈≈ #∩P[
#+#≈## ##≈≈ #$.$
#≈≈##+##≈≈≈ #[?
##≈≈≈≈≈≈≈≈≈ ##+
#+++#+++#≈ ≈§§≈§ ##


You could see 2 hell hogs, an oklob plant, 2 polar bears and Menkaure.

Vanquished Creatures
  A neqoxec (D)
  4 necrophages (D)
  A crocodile (D)
6 creatures vanquished.

Notes
Turn   | Place    | Note
-------+----------+-------------------------------------------
     0 | D        | McKennaii the Draconian Conjurer began the quest for the
                  | Orb.
     0 | D        | Reached XP level 1. HP: 14/14 MP: 3/3
     1 | D        | Noticed a tyrant leech
     1 | D        | Noticed a tyrant leech
     5 | D        | Noticed a neqoxec
     9 | D        | Gained mutation: You are frail. (-10% HP) [a neqoxec]
    17 | D        | Killed a neqoxec
    17 | D        | Reached skill level 8 in Conjurations
    17 | D        | Reached XP level 2. HP: 18/18 MP: 4/7
    17 | D        | Reached XP level 3. HP: 23/23 MP: 4/8
    17 | D        | Reached XP level 4. HP: 29/29 MP: 5/10
    46 | D        | Noticed a necrophage
    46 | D        | Noticed a necrophage
    46 | D        | Noticed a necrophage
    46 | D        | Noticed a necrophage
    56 | D        | Killed a necrophage
    56 | D        | Reached skill level 5 in Spellcasting
    56 | D        | Reached skill level 10 in Conjurations
    56 | D        | Reached XP level 5. HP: 22/33 MP: 1/12
    74 | D        | Killed a necrophage
    74 | D        | Reached skill level 11 in Conjurations
    74 | D        | Reached XP level 6. HP: 26/41 MP: 0/14
   126 | D        | Reached skill level 12 in Conjurations
   412 | D        | Learned a level 4 spell: Iskenderun's Mystic Blast
   412 | D        | Noticed an orange crystal statue
   415 | D        | Found Mief's Book Shop.
   416 | D        | Found Nacoing's Jewellery Boutique.
   416 | D        | Found Nilyulony's Distillery.
   417 | D        | Found Raenosef's Book Shop.
   417 | D        | Found Udiwong's Antique Weapon Shop.
   418 | D        | Found Bagi Onu's Food Boutique.
   418 | D        | Found Focalez's Antique Armour Boutique.
   419 | D        | Found Gamniag's Distillery.
   419 | D        | Found Neguof's General Store.
   420 | D        | Found Bicy's Jewellery Shop.
   420 | D        | Found Podefura's Magic Scroll Boutique.
   423 | D        | Found Koojodui's Jewellery Shop.
   423 | D        | Found Yfeuzo's Gadget Boutique.
   423 | D        | Noticed Menkaure
   423 | D        | Noticed a polar bear
   423 | D        | Noticed a polar bear
   423 | D        | Noticed an oklob plant
   424 | D        | Found Ziuffirphu's Gadget Shop.
   424 | D        | Found Xuwaas Ocs's Antique Armour Boutique.
   424 | D        | Found Mast's Book Shoppe.
   424 | D        | Noticed a hell hog
   426 | D        | Noticed a hell hog
   438 | D        | Reached skill level 1 in Fighting
   446 | D        | Slain by Menkaure

Levels and vault maps discovered:
D:        the_violet_keep_of_menkaure [sprint2_stairs_cluster_1,
          sprint2_shoproom, sprint2_temple, sprint2_basic_supplies,
          sprint2_obstacle_4, sprint2_obstacle_6, sprint2_obstacle_5,
          sprint2_obstacle_3, sprint2_obstacle_7, sprint2_timed_cluster_1,
          sprint2_smallroom_cluster_1, sprint2_smallroom_final_cluster_1,
          sprint2_transparent_cluster_1, sprint2_second_timed_cluster_1,
          sprint2_sniper_area_1, sprint2_heavy_combat_area_1,
          sprint2_mutation_trap_area_1, sprint2_forest_area_1,
          sprint2_light_combat_area_1, sprint2_behind_water_1,
          sprint2_near_end_vault_1]

Skill      XL: |  1  2  3  4  5  6 |
---------------+-------------------+-----
Dodging        | 2 3 4 |  4.6
Stealth        | 2 3 |  3.9
Spellcasting   | 4 5 6 |  6.4
Conjurations   | 8 10 11 12 | 12.2
Fighting       | 1 |  1.0

Action                   |  1- 3 |  4- 6 || total
-------------------------+-------+-------++-------
Melee: Unarmed           |     7 |    62 ||    69
       Tailslap          |     1 |    11 ||    12
 Cast: Magic Dart        |       |    33 ||    33
       Iskenderun's Myst |       |     1 ||     1
  Use: Potion            |     1 |     2 ||     3
Armor: Skin              |       |    18 ||    18
Dodge: Dodged            |     3 |    56 ||    59
